 Dungeon Crawl Stone Soup version 0.19-a0-1834-g6b7851e (webtiles) character file.

45 graki42 the Skirmisher (level 3, 12/29 HPs)
             Began as a Demonspawn Fighter on Oct 9, 2016.
             Quit the game on level 2 of the Dungeon.
             The game lasted 00:03:09 (1190 turns).

graki42 the Skirmisher (Demonspawn Fighter)         Turns: 1190, Time: 00:03:09

Health: 12/29      AC:  6    Str: 16    XL:     3   Next: 42%
Magic:  3/3        EV:  9    Int:  9    God:
Gold:   56         SH:  0    Dex: 13    Spells: 0 memorised, 2 levels left

rFire  . . .     SeeInvis .     c - +0 whip
rCold  . . .     Gourm    .     b - +0 scale mail
rNeg   . . .     Faith    .     (no shield)
rPois  .         Spirit   .     (no helmet)
rElec  .         Dismiss  .     (no cloak)
rCorr  .         Reflect  .     (no gloves)
MR     .....     Harm     .     (no boots)
Stlth  ..........               (no amulet)
                                (no ring)
                                (no ring)

@: no status effects
A: claws 1, hooves 1
a: no special abilities


You were on level 2 of the Dungeon.
You were not hungry.

You visited 1 branch of the dungeon, and saw 2 of its levels.

You collected 56 gold pieces.

Inventory:

Hand Weapons
 c - a +0 whip (weapon)
Armour
 b - a +0 scale mail (worn)
Scrolls
 a - a scroll of blinking {unknown}
 i - 2 scrolls of enchant armour {unknown}
 j - 2 scrolls of identify {unknown}
 l - a scroll of teleportation {unknown}
Potions
 d - a potion of might
 e - 2 potions of berserk rage {unknown}
 h - a potion of mutation {unknown}
 k - a potion of resistance {unknown}
 m - a potion of agility {unknown}
 n - a potion of curing {unknown}
 o - a potion of invisibility {unknown}
 p - a potion of magic {unknown}
Comestibles
 f - 2 bread rations
 g - 3 meat rations


   Skills:
 + Level 3.6 Fighting
 + Level 2.1 Maces & Flails
 + Level 3.1 Armour
 + Level 0.1 Dodging
   Level 2.8 Shields


You had 2 spell levels left.
You didn't know any spells.

Dungeon Overview and Level Annotations

Branches:
Dungeon (2/15)

Altars:
Cheibriados


Innate Abilities, Weirdness & Mutations

You have sharp fingernails.
You have large cloven feet.


Message History

The worm is heavily wounded.
You hit the worm but do no damage.
The worm is heavily wounded.
The worm barely misses you.
You barely miss the worm. You kick the worm, but do no damage.
The worm is moderately wounded.
The worm bites you!
You hit the worm. You kick the worm, but do no damage.
The worm is severely wounded.
You hit the worm but do no damage.
The worm is severely wounded.
The worm completely misses you.
You hit the worm. You kick the worm, but do no damage.
The worm is severely wounded.
You hit the worm. You kick the worm, but do no damage.
The worm is almost dead.
The worm completely misses you.
You hit the worm.
You kill the worm!
Are you sure you want to abandon this character and quit the game? (Confirm with "yes".)

#.........# #...
#.........# #...... #...
#..)......# ...... #...
#####..#### ..... #...
#..## .... #... ##..# ##.#
#... #..#####..## # #...
#..........##...# ##...
#........@......######...#
#...##..##.###...........#
#.#....## ..# ###.##.###..
#.####..###....##.##.###.#
#.## #...# ###........##.#
#..# #.#.## ####.#....#..
##.###.#..#####.<...##.รท..
#.##..##..#....##.#####..
#.#..####...#####....####


There were no monsters in sight!

Vanquished Creatures
  A worm (D:2)
  2 dart slugs (D:1)
  A leopard gecko (D:1)
  6 bats
  7 goblins
  5 hobgoblins
  A quokka (D:2)
  A frilled lizard (D:2)
  4 kobolds (D:2)
  7 rats
35 creatures vanquished.

Notes
Turn   | Place    | Note
-------+----------+-------------------------------------------
     0 | D:1      | graki42 the Demonspawn Fighter began the quest for the Orb.
     0 | D:1      | Reached XP level 1. HP: 18/18 MP: 1/1
    25 | D:1      | Found a snail-covered altar of Cheibriados.
   135 | D:1      | Gained mutation: You have large cloven feet. [demonic ancestry]
   135 | D:1      | Reached XP level 2. HP: 22/24 MP: 2/2
   869 | D:2      | Gained mutation: You have sharp fingernails. [demonic ancestry]
   869 | D:2      | Reached XP level 3. HP: 26/29 MP: 3/3
  1190 | D:2      | Quit the game

Vault maps used:
D:1:      zelgadis_glass_arrival_small, cheibriados_altar_1
D:2:      st_stairs_12, minmay_heptomino_d4, uniq_jessica

Skill      XL: |  1  2 |
---------------+-------+-----
Maces & Flails | 2 |  2.1
Armour         | 3 |  3.1
Fighting       | |  3.6
Dodging        | |  0.1
Shields        | |  2.8

Action                   || total
-------------------------++-------
Melee: Flail             ||    56
       Kick              ||    20
       Whip              ||    44
       Unarmed           ||     9
  Eat: Chunk             ||     1
Armor: Scale mail        ||    53
Dodge: Dodged            ||    25
Block: Shield            ||    32
